 Dungeon Crawl Stone Soup version 0.27-a0-652-g2d5cf1dcd3 (webtiles) character file.

Game seed: 12258348419204428920

182 Bapho the Ruffian (level 5, -2/53 HPs)
             Began as a Troll Monk on Mar 16, 2021.
             Slain by an orc
             ... wielding a +0 flail
              (4 damage)
             ... on level 3 of the Dungeon.
             The game lasted 00:04:10 (1923 turns).

Bapho the Ruffian (Troll Monk)                      Turns: 1923, Time: 00:04:12

Health: -2/53      AC:  7    Str: 20    XL:     5   Next: 35%
Magic:  0/4        EV: 10    Int:  6    God:
Gold:   121        SH:  0    Dex: 12    Spells: 4/4 levels left

rFire    . . .     SeeInvis .     - Unarmed
rCold    . . .     Faith    .   (no shield)
rNeg     . . .     Spirit   +   a - +0 robe
rPois    .         Reflect  .   (helmet restricted)
rElec    .         Harm     .   h - +2 cloak
rCorr    .         Rampage  .   (gloves unavailable)
Will     .....                  (boots unavailable)
Stlth    ++........             f - amulet of guardian spirit
HPRegen  1.17/turn              (no ring)
MPRegen  0.09/turn              (no ring)

@: no status effects
A: large, unfitting armour, claws 3, regeneration 1, shaggy fur 1, tough skin 1
a: no special abilities


You were on level 3 of the Dungeon.
You visited 1 branch of the dungeon, and saw 3 of its levels.

You collected 121 gold pieces.

Inventory:

Missiles
 l - 85 stones (quivered)
Armour
 a - a +0 robe (worn)
 h - a +2 cloak (worn)
Jewellery
 f - an amulet of guardian spirit (around neck)
 g - a ring of wizardry
Wands
 o - a wand of random effects (10)
Scrolls
 b - a scroll of noise {unknown}
 d - a scroll of magic mapping {unknown}
 e - a scroll of identify {unknown}
 i - a scroll of blinking {unknown}
 j - a scroll of random uselessness {unknown}
Potions
 c - 2 potions of flight {unknown}
 k - 2 potions of haste {unknown}
 m - a potion of cancellation {unknown}
 n - a potion of heal wounds {unknown}
 p - a potion of resistance {unknown}


   Skills:
 + Level 3.2 Fighting
 + Level 3.2 Dodging
 - Level 1.0 Stealth
 * Level 4.8 Unarmed Combat


You had 4 spell levels left.
You didn't know any spells.
Your spell library was empty.

Dungeon Overview and Level Annotations

Branches:
Dungeon (3/15)

Altars:
Hepliaklqana
Nemelex Xobeh
Ru
Wu Jian
Xom
Zin


Innate Abilities, Weirdness & Mutations

You are too large for most types of armour.
You have claws for hands.
Your natural rate of healing is unusually fast.
You are covered in fur. (AC +1)
You have tough skin. (AC +1)


Message History

An orc comes into view. It is wielding a +0 hand axe.
The orc hits you but does no damage.
You hear some strange, mumbled words.
You are confused.
The orc shouts!
You barely miss the orc.
The orc is moderately wounded.
You hear a shout! x2
The orc misses you. The orc barely misses you.
Something hits you but does no damage.
You bump into the rock wall.
The orc barely misses you. The orc hits you with a +0 dagger.
You hear some strange, mumbled words.
Something tries to affect you, but you resist.
You miss something. The orc hits you with a +0 flail!
The orc barely misses you.
You claw something!
You hear some strange, mumbled words.
A magic dart appears from out of thin air!
The magic dart hits you. The orc barely misses you.
You completely miss something. The orc barely misses you.
Something hits you but does no damage.
An orc comes into view. It is wielding a +0 falchion.
The orc barely misses you.
You closely miss something. The orc closely misses you.
Something hits you but does no damage. The orc misses you.
You bump into the rock wall.
You feel less confused. The orc hits you with a +0 dagger.
Something hits you but does no damage. The orc barely misses you.
You scratch something but do no damage. The orc hits you with a +0 dagger.
Something hits you. The orc hits you with a +0 flail!
* * * LOW HITPOINT WARNING * * *
You scratch something but do no damage. The orc completely misses you.
You hear some strange, mumbled words.
A magic dart appears from out of thin air!
The magic dart hits you!
* * * LOW HITPOINT WARNING * * *
The orc hits you with a +0 flail.
You die...

b..... .......#....
..... ... #.......
....## ##.#.##.......
o..(# #...#..........
...##(.##..##.......
....(.. .........##
#.o.# .# #........
##{o# #.# ###.#).##
#)o@# .. #.....#
###..####.# ##.###..
#......#.. ###..# ##
#.####.#.####....#
#.####.#......##..#
............######..#
...####.............#
.. ##...########..#
#...# .##


You could see 4 orcs.

Vanquished Creatures
  An orc priest (D:3)
  Crazy Yiuf (D:2)
  A hound zombie (D:2)
  3 adders
  2 dart slugs (D:2)
  A leopard gecko (D:1)
  7 orcs (D:3)
  3 giant cockroaches
  8 hobgoblins
  7 jackals
  6 kobolds
  A quokka (D:2)
  7 bats
  4 frilled lizards
  10 goblins
  10 rats
72 creatures vanquished.

Vanquished Creatures (others)
  A fungus (D:2)
1 creature vanquished.

Grand Total: 73 creatures vanquished

Notes
Turn   | Place    | Note
-------+----------+-------------------------------------------
     0 | D:1      | Bapho the Troll Monk began the quest for the Orb.
     0 | D:1      | Reached XP level 1. HP: 22/22 MP: 0/0
   167 | D:1      | Found a blossoming altar of Fedhas.
   169 | D:1      | Found a shimmering altar of Xom.
   169 | D:1      | Found a glowing silver altar of Zin.
   171 | D:1      | Found a sacrificial altar of Ru.
   171 | D:1      | Found a sparkling altar of Nemelex Xobeh.
   171 | D:1      | Found an ornate altar of the Wu Jian Council.
   219 | D:1      | Reached XP level 2. HP: 29/29 MP: 1/1
   748 | D:2      | Reached XP level 3. HP: 36/36 MP: 2/2
   757 | D:2      | Found a runed translucent door.
   758 | D:2      | Noticed Crazy Yiuf
   765 | D:2      | Killed Crazy Yiuf
   766 | D:2      | Reached skill level 4 in Unarmed Combat
   766 | D:2      | Reached XP level 4. HP: 42/44 MP: 3/3
   801 | D:2      | Found a hazy altar of Hepliaklqana.
  1757 | D:3      | Reached XP level 5. HP: 52/53 MP: 2/4
  1923 | D:3      | HP: 2/53 [something/magic dart (8)]
  1923 | D:3      | Slain by an orc

Illustrated notes

Levels and vault maps discovered:
D:1:      lightli_arrival_lavapool, layout_loops_cross, grunt_decor_cap,
          minmay_crystal_water, doesnt_xom_only_xom
D:2:      minmay_inner_zag, layout_loops_ring, nicolae_overflow_crystal_walls,
          uniq_crazy_yiuf_cottage
D:3:      layout_rooms, nicolae_overflow_hidden_temple, minmay_joined_circles

Skill      XL: |  1  2  3  4 |
---------------+-------------+-----
Unarmed Combat | 4 |  4.8
Dodging        | 3 |  3.2
Fighting       | 3 |  3.2
Stealth        | |  1.0

Action                   |  1- 3 |  4- 6 || total
-------------------------+-------+-------++-------
Melee: Unarmed           |    57 |   150 ||   207
       Punch             |       |     3 ||     3
Throw: Stone             |       |    41 ||    41
 Stab: Sleeping          |     4 |     2 ||     6
Armor: Robe              |     8 |    52 ||    60
Dodge: Dodged            |    25 |    81 ||   106

Table legend: (Time is in decaauts)
 A = Elapsed time spent in this place.
 B = Non-inter-level travel time spent in this place.
 C = Inter-level travel time spent in this place.
 D = Time resting spent in this place.
 E = Time spent auto-exploring this place.
 F = Levels seen in this place.
 G = Mean time per level.
                   A        B        C        D        E       F      G
               +--------+--------+--------+--------+--------+-----+--------+
         Total |   1912 |   1824 |     88 |      0 |   1405 |   3 |  637.3 |
       Dungeon |   1912 |   1824 |     88 |      0 |   1405 |   3 |  637.3 |
               +--------+--------+--------+--------+--------+-----+--------+

Top non-repeatable levels by time:
     D:2: 914 daAuts
     D:1: 729 daAuts
     D:3: 267 daAuts
